[Event "Team 45 45 League T37"]
[Site "Internet Chess Club"]
[Date "2008.05.25"]
[Round "5"]
[White "ZiggyStardust"]
[Black "ChessChamp"]
[Result "0-1"]
[WhiteElo "1571"]
[BlackElo "1591"]
[Opening "Sicilian: closed"]
[ECO "B23"]
[Time "10:35:47"]
[TimeControl "2700+45"]

1. e4 c5 2. Nc3 d6 3. Bc4 Nf6 4. d3 g6 5. f4 Bg7 6. Nf3 Nc6 7. O-O O-O 8. Be3
Ng4 9. Qe1 Nd4 10. Bxd4 cxd4 11. Ne2 Ne3 12. Qh4 Nxf1 13. Rxf1 e6 14. Qh3 e5 15.
f5 Bd7 16. g4 a5 17. fxg6 hxg6 18. Rf2 Qe7 19. Nh4 Be6 20. Bb5 Bf6 21. Nf3 Kg7
22. Rg2 Rh8 23. Qg3 Bh4 24. Nxh4 Qxh4 25. h3 Qxh3 26. Kf2 Qxg3+ 27. Kxg3 Rab8
28. b3 Rbc8 29. Ng1 Rc5 30. Bc4 Rhc8 31. Nf3 b5 32. Bxe6 fxe6 33. Ng5 Rxc2 34.
Nxe6+ Kf6 35. Rxc2 Rxc2 36. Nf8 Rc7 37. g5+ Kf7 38. Nh7 Rc3 39. Nf6 Rxd3+ 40.
Kg4 Re3 41. Nd5 Rxe4+ 42. Kf3 Re1 43. Nc7 d3 44. Kf2 d2 {White resigns} 0-1

[Event "Team 45 45 League T37"]
[Site "Internet Chess Club"]
[Date "2008.05.26"]
[Round "5"]
[White "theartist"]
[Black "RealChosenOne"]
[Result "1/2-1/2"]
[WhiteElo "1190"]
[BlackElo "1621"]
[Opening "QGD Slav defense: exchange variation"]
[ECO "D10"]
[Time "12:31:20"]
[TimeControl "2700+45"]

1. d4 d5 2. c4 c6 3. cxd5 cxd5 4. Nc3 e6 5. Bf4 a6 6. e3 Nc6 7. a3 Nf6 8. Bd3
Be7 9. Nf3 Nh5 10. Bg3 Nxg3 11. hxg3 h6 12. Qc2 O-O 13. O-O b5 14. b4 Bb7 15.
Rac1 f5 16. Ne5 Nxe5 17. dxe5 Rc8 18. Qb3 g5 19. f4 g4 20. Ne2 Qb6 21. Nd4 h5
22. Kf2 Kf7 23. Rxc8 Rxc8 24. Qb2 Rh8 25. Rh1 Qd8 26. Qc1 h4 27. Ke2 hxg3 28.
Rxh8 Qxh8 29. Qg1 Qh2 30. Kf1 Qxg1+ 31. Kxg1 Bc8 32. Kf1 Ke8 33. Be2 Kd7 34. Bd3
Kc7 35. Ke2 Bd7 36. Kd2 Kb6 37. Kc3 a5 38. Nc2 axb4+ 39. axb4 Bc6 40. Nd4 Bd7
41. Kb3 {Game drawn by mutual agreement} 1/2-1/2

[Event "Team 45 45 League T37"]
[Site "Internet Chess Club"]
[Date "2008.05.26"]
[Round "5"]
[White "macdre"]
[Black "jacknor"]
[Result "1-0"]
[WhiteElo "1923"]
[BlackElo "1656"]
[Opening "Scandinavian (center counter) defense"]
[ECO "B01"]
[Time "19:10:20"]
[TimeControl "2700+45"]

1. e4 d5 2. exd5 Qxd5 3. Nf3 Bg4 4. Be2 Nc6 5. d4 O-O-O 6. c4 Qd6 7. d5 Bxf3 8.
Bxf3 Ne5 9. Be2 Nd7 10. Nc3 a6 11. O-O Ngf6 12. b4 Qxb4 13. Bd2 Qd6 14. Rb1 Nc5
15. Be3 Nfd7 16. Qc2 h5 17. Qb2 Qf6 18. Bf3 Qb6 19. Qa3 Qd6 20. Qb2 g5 21. Ne4
Qb6 22. Qxh8 Qg6 23. Nxc5 Bg7 24. Qxh5 {Black resigns} 1-0

[Event "Team 45 45 League T37"]
[Site "Internet Chess Club"]
[Date "2008.05.25"]
[Round "5"]
[White "badmove"]
[Black "wango"]
[Result "1-0"]
[WhiteElo "1627"]
[BlackElo "1560"]
[Opening "Bird's opening"]
[ECO "A03"]
[Time "16:32:44"]
[TimeControl "2700+45"]

1. f4 d5 2. Nf3 Bg4 3. e3 Nd7 4. Be2 Bxf3 5. Bxf3 Ngf6 6. O-O e5 7. d4 e4 8. Be2
Bd6 9. b3 Qe7 10. c4 dxc4 11. bxc4 c6 12. Nc3 O-O 13. Qb3 b6 14. Rb1 Rfb8 15.
Bd2 b5 16. cxb5 cxb5 17. Qc2 a6 18. Be1 Rc8 19. Qb3 Rc7 20. Bh4 Qe8 21. Nd5 Nxd5
22. Qxd5 Be7 23. Bxe7 Nb6 24. Qd6 {Black resigns} 1-0

[Event "Team 45 45 League T37"]
[Site "Internet Chess Club"]
[Date "2008.05.25"]
[Round "5"]
[White "john-beebs"]
[Black "PeteyDaddy"]
[Result "1-0"]
[WhiteElo "1501"]
[BlackElo "1161"]
[Opening "Pirc: classical, h3 system"]
[ECO "B08"]
[Time "09:28:02"]
[TimeControl "2700+45"]

1. e4 d6 2. d4 Nf6 3. Nc3 g6 4. Nf3 Bg7 5. h3 O-O 6. Be3 Nbd7 7. Qd2 e5 8. Bh6
Bxh6 9. Qxh6 exd4 10. Nxd4 Nc5 11. Bd3 Nxd3+ 12. cxd3 Re8 13. O-O d5 14. exd5
Nxd5 15. Nf3 f6 16. Rfe1 Nxc3 17. Rxe8+ Qxe8 18. bxc3 Bf5 19. Qd2 Rd8 20. Nd4 c5
21. Nxf5 gxf5 22. Re1 Qd7 23. Re3 c4 24. Rg3+ Kf7 25. d4 Qd6 26. Qe2 f4 27. Qh5+
Ke6 28. Rg7 Qd5 29. Qf7+ Kf5 30. Qh5+ Ke6 31. Qxh7 Rd7 32. Qg8+ Kf5 33. Qxd5+
Rxd5 34. Rxb7 Ra5 35. Rb2 Ke4 36. Rd2 f3 37. g3 f5 38. Kh2 f4 39. g4 Ra3 40. g5
Kf5 41. h4 Rxc3 42. Rb2 Rd3 43. Rb5+ Kg6 44. d5 c3 45. Rc5 Rd2 46. Rxc3 Rxd5 47.
Rxf3 Kf5 48. Kg2 Kg4 49. Rh3 Rd2 50. g6 f3+ 51. Rxf3 Kxh4 52. g7 Rd4 53. Rh3+
Kg5 54. g8=Q+ Kf5 55. Rh5+ {Black resigns} 1-0

[Event "Team 45 45 League T37"]
[Site "Internet Chess Club"]
[Date "2008.05.26"]
[Round "5"]
[White "shakkiipe"]
[Black "rayonline53"]
[Result "1/2-1/2"]
[WhiteElo "1719"]
[BlackElo "1502"]
[Opening "Budapest: Rubinstein variation"]
[ECO "A52"]
[Time "09:02:10"]
[TimeControl "2700+45"]

1. d4 Nf6 2. c4 e5 3. dxe5 Ng4 4. Bf4 Nc6 5. Nf3 Bb4+ 6. Nbd2 Qe7 7. e3 Ngxe5 8.
Nxe5 Nxe5 9. Be2 O-O 10. O-O c6 11. a3 Ba5 12. Nf3 Bc7 13. Nxe5 Bxe5 14. Bxe5
Qxe5 15. Qd4 Qxd4 16. exd4 d5 17. cxd5 cxd5 18. Bf3 Be6 19. Rfe1 Rac8 20. Rac1
Rfd8 21. h3 Kf8 22. b4 b6 {Game drawn by mutual agreement} 1/2-1/2

[Event "Team 45 45 League T37"]
[Site "Internet Chess Club"]
[Date "2008.05.23"]
[Round "5"]
[White "vaknight"]
[Black "sdcohle"]
[Result "1-0"]
[WhiteElo "1534"]
[BlackElo "1386"]
[Opening "Bird's opening"]
[ECO "A02"]
[Time "22:00:55"]
[TimeControl "2700+45"]

1. f4 Nc6 2. Nf3 b6 3. e3 Nf6 4. b3 g6 5. Bb2 Bg7 6. a3 O-O 7. Bd3 Bb7 8. O-O d5
9. Qe1 Re8 10. Bb5 a6 11. Bxc6 Bxc6 12. Nd4 Bb7 13. Nf3 c5 14. d3 Qc7 15. Be5
Qd7 16. h3 h5 17. Qc3 Rf8 18. Nbd2 Ne8 19. Bxg7 Nxg7 20. Ne5 Qd6 21. Rad1 d4 22.
exd4 cxd4 23. Qb2 Qd5 24. Ndf3 Nf5 25. Nc4 Qd8 26. Rde1 Rc8 27. Rf2 Qc7 28. Nxd4
Nxd4 29. Qxd4 b5 30. Ne5 Rcd8 31. Qe3 e6 32. Nf3 Qe7 33. b4 Qf6 34. Ne5 Rfe8 35.
Qb6 Qe7 36. Nc6 Bxc6 37. Qxc6 Ra8 38. c4 Rec8 39. Qe4 bxc4 40. dxc4 Ra7 41. Rc2
Rac7 42. Rec1 Rc6 43. Qe3 R8c7 44. c5 Qd8 45. a4 Qb8 46. Qd3 Qxb4 47. Rc4 Qb2
48. Rb1 Qf6 49. Qe3 Qe7 50. Rb8+ Kg7 51. Qd4+ f6 52. Rd8 Kh6 53. Rd6 Qf7 54. Qe4
Rxc5 55. Rxc5 Rxc5 56. Rxe6 Ra5 57. Qe3 Rxa4 58. f5+ g5 59. Qc5 Ra1+ 60. Kh2 Rd1
61. Qc6 Kg7 62. Qxa6 Qc7+ 63. g3 Rd2+ 64. Re2 Rxe2+ 65. Qxe2 Qe5 66. Qxe5 fxe5
67. g4 hxg4 68. hxg4 Kf6 69. Kg2 e4 70. Kf2 Ke5 71. Ke3 Kf6 72. Kxe4 Kg7 73. Ke5
Kf7 74. f6 Kf8 75. Kf5 Kf7 76. Kxg5 Kf8 77. Kg6 Kg8 78. f7+ Kf8 79. g5 Ke7 80.
Kg7 Ke6 81. f8=Q Kd7 82. Qf6 Ke8 83. Kh6 Kd7 84. g6 Ke8 85. Kg5 Kd7 86. Kf5 Ke8
87. Qg7 Kd8 88. Ke6 Kc8 89. Kd6 Kb8 90. Kc6 Ka8 91. Qb7# {Black checkmated} 1-0

[Event "Team 45 45 League T37"]
[Site "Internet Chess Club"]
[Date "2008.05.22"]
[Round "5"]
[White "forsyth"]
[Black "kinchknifeblade"]
[Result "1-0"]
[WhiteElo "1408"]
[BlackElo "1336"]
[Opening "Sicilian: Alapin's variation (2.c3)"]
[ECO "B22"]
[Time "17:00:44"]
[TimeControl "2700+45"]

1. e4 c5 2. c3 d6 3. d4 cxd4 4. cxd4 Nc6 5. Nc3 Nf6 6. Bg5 Qb6 7. Bb5 a6 8.
Bxc6+ bxc6 9. Qd2 h6 10. Bh4 Rb8 11. Rb1 a5 12. Nge2 Ba6 13. O-O Bxe2 14. Qxe2
Qxd4 15. Rfd1 Qb6 16. e5 dxe5 17. Qxe5 Ng4 18. Qe2 Qb4 19. Qd2 Nxh2 20. Qd7#
{Black checkmated} 1-0

[Event "Team 45 45 League T37"]
[Site "Internet Chess Club"]
[Date "2008.05.24"]
[Round "5"]
[White "chiiwen"]
[Black "DumbSkillzhaha"]
[Result "0-1"]
[WhiteElo "2087"]
[BlackElo "2237"]
[Opening "Sicilian: closed, 6.f4"]
[ECO "B25"]
[Time "11:41:23"]
[TimeControl "2700+45"]

1. e4 c5 2. Nc3 g6 3. g3 Bg7 4. Bg2 Nc6 5. d3 d6 6. f4 Nf6 7. Nf3 O-O 8. O-O Bg4
9. h3 Bxf3 10. Bxf3 Nd7 11. Be3 Rb8 12. Qd2 Nd4 13. Bg2 b5 14. Nd1 Qc7 15. f5 e6
16. c3 Nc6 17. Bh6 Nce5 18. Bxg7 Kxg7 19. g4 h6 20. Ne3 Qd8 21. d4 cxd4 22. cxd4
Nc4 23. Nxc4 bxc4 24. Rf2 e5 25. Raf1 g5 26. dxe5 Nxe5 27. f6+ Kh7 28. Rf5 Qb6+
29. Kh1 Qxb2 30. Qxd6 Ng6 31. e5 Nf4 32. Be4 Kh8 33. R5xf4 gxf4 34. Rb1 Qxb1+
35. Bxb1 Rxb1+ 36. Kg2 Rfb8 37. Qe7 c3 38. Qxf7 R1b7 39. Qg6 c2 40. f7 f3+ 41.
Kxf3 c1=Q 42. Qf6+ Kh7 43. Qf5+ Kg7 44. Qf6+ Kf8 45. Qd6+ Re7 46. Qxb8+ Kxf7
{White resigns} 0-1

[Event "Team 45 45 League T37"]
[Site "Internet Chess Club"]
[Date "2008.05.24"]
[Round "5"]
[White "Gregorio"]
[Black "martineden"]
[Result "1/2-1/2"]
[WhiteElo "2069"]
[BlackElo "2022"]
[Opening "French: King's Indian attack"]
[ECO "C00"]
[Time "10:27:34"]
[TimeControl "2700+45"]

1. e4 e6 2. d3 d5 3. Nc3 Nf6 4. Bg5 Bb4 5. Bd2 O-O 6. e5 Nfd7 7. Nf3 c5 8. a3
Ba5 9. b4 Bc7 10. bxc5 Nxe5 11. Nb5 Nxf3+ 12. Qxf3 Ba5 13. c3 Bd7 14. d4 b6 15.
cxb6 Qxb6 16. a4 a6 17. Na3 Qb2 18. Nc2 Qxc2 19. Bd3 Qb2 20. O-O Qb6 21. Rfb1
Qd8 22. Qh3 g6 23. Bh6 e5 24. Qg3 e4 25. Bc2 Bc7 26. f4 exf3 27. Qxf3 Qh4 28.
Bxf8 Bg4 29. g3 Bxf3 30. gxh4 Kxf8 31. Rb7 Bf4 32. h3 Nc6 33. Rf1 Be3+ 34. Kh2
Bf4+ 35. Kg1 Be3+ 36. Kh2 {Game drawn by mutual agreement} 1/2-1/2

[Event "Team 45 45 League T37"]
[Site "Internet Chess Club"]
[Date "2008.05.25"]
[Round "5"]
[White "mitus"]
[Black "Harmonicus"]
[Result "0-1"]
[WhiteElo "1939"]
[BlackElo "1964"]
[Opening "Ruy Lopez: closed, Keres (...Nd7) defense"]
[ECO "C96"]
[Time "17:36:22"]
[TimeControl "2700+45"]

1. e4 e5 2. Nf3 Nc6 3. Bb5 a6 4. Ba4 Nf6 5. O-O Be7 6. Re1 b5 7. Bb3 d6 8. c3
O-O 9. h3 Na5 10. Bc2 c5 11. d4 Nd7 12. Nbd2 exd4 13. cxd4 Nc6 14. Nf1 cxd4 15.
Nxd4 Nxd4 16. Qxd4 Ne5 17. b3 Bf6 18. Qe3 Ng4 19. hxg4 Bxa1 20. e5 g6 21. Qe4
Be6 22. Bh6 Bxe5 23. Bxf8 Qxf8 24. f4 Bc3 25. Re3 d5 26. Qd3 d4 27. Rg3 f5 28.
Ne3 fxg4 29. f5 dxe3 30. Rxe3 Bxf5 31. Qd5+ Kh8 32. Rxc3 Bxc2 33. Rxc2 Rd8 34.
Qe5+ Qg7 35. Qg5 Qd4+ 36. Kh2 Qd6+ 37. g3 h5 38. Rf2 Kg7 39. Qe3 Rf8 40. Rd2 Qf6
41. Rd7+ Rf7 42. Rxf7+ Qxf7 43. Qe5+ Qf6 44. Qc7+ Kh6 45. Qc1+ g5 46. Qd2 h4 47.
Qe1 Qd6 48. Qa1 Qxg3+ 49. Kh1 Qf3+ 50. Kg1 g3 51. Qh8+ Kg6 52. Qe8+ Kf5 53. Qd7+
Kf4 54. Qd4+ Qe4 55. Qd6+ Kf3 56. Qf6+ Kg4 57. Qc3 Qb1+ {White resigns} 0-1

[Event "Team 45 45 League T37"]
[Site "Internet Chess Club"]
[Date "2008.05.28"]
[Round "5"]
[White "miltools"]
[Black "Rainbird"]
[Result "1-0"]
[WhiteElo "1965"]
[BlackElo "1758"]
[Opening "French: Tarrasch, closed variation, main line"]
[ECO "C06"]
[Time "19:00:14"]
[TimeControl "2700+45"]

1. e4 e6 2. d4 d5 3. Nd2 Nf6 4. e5 Nfd7 5. Bd3 c5 6. c3 Nc6 7. Ne2 cxd4 8. cxd4
f6 9. Nf4 Nxd4 10. Qh5+ Ke7 11. Ng6+ hxg6 12. exf6+ Nxf6 13. Qxh8 Kf7 14. O-O e5
15. Nb3 Nxb3 16. axb3 Bf5 17. Bxf5 gxf5 18. Bg5 Bc5 19. Qh3 Qd7 20. Bxf6 Kxf6
21. b4 Bb6 22. Qh4+ Kf7 23. Rfe1 e4 24. Rad1 d4 25. g4 g6 26. Qh7+ Ke6 27. Qxg6+
Ke5 28. f4+ Kd5 29. gxf5 Rf8 30. f6 Rxf6 31. Qxe4+ Kc4 32. Qd3+ Kd5 33. Re5+ Kd6
34. Qxd4+ Bxd4+ 35. Rxd4+ Kc7 36. Rxd7+ Kxd7 37. Re4 Kd6 38. Kf2 Kd5 39. Kf3 Rh6
40. Re5+ Kd6 41. Kg3 Rg6+ 42. Rg5 Re6 43. h4 Re2 44. h5 Rxb2 45. h6 Rb1 46. Rh5
Ke6 47. h7 {Black resigns} 1-0

[Event "Team 45 45 League T37"]
[Site "Internet Chess Club"]
[Date "2008.06.01"]
[Round "5"]
[White "reinaroja"]
[Black "searchforbobby1"]
[Result "1/2-1/2"]
[WhiteElo "2184"]
[BlackElo "2151"]
[Opening "Sicilian: Sveshnikov variation"]
[ECO "B33"]
[Time "17:10:43"]
[TimeControl "2700+45"]

1. e4 c5 2. Nf3 Nc6 3. d4 cxd4 4. Nxd4 Nf6 5. Nc3 e5 6. Ndb5 d6 7. Bg5 a6 8. Na3
b5 9. Bxf6 gxf6 10. Nd5 f5 11. Bd3 Be6 12. Nxb5 axb5 13. Bxb5 Rc8 14. c3 fxe4
15. Nb4 Bd7 {Game drawn by mutual agreement} 1/2-1/2

[Event "Team 45 45 League T37"]
[Site "Internet Chess Club"]
[Date "2008.05.26"]
[Round "5"]
[White "Klampin"]
[Black "keisher415"]
[Result "0-1"]
[WhiteElo "1966"]
[BlackElo "2094"]
[Opening "English opening"]
[ECO "A16"]
[Time "14:29:47"]
[TimeControl "2700+45"]

1. c4 Nf6 2. Nc3 c5 3. Nf3 g6 4. e4 d6 5. d4 cxd4 6. Nxd4 Nc6 7. Be3 Bg7 8. Be2
O-O 9. O-O Bd7 10. f4 Re8 11. f5 Qb6 12. fxg6 hxg6 13. Ncb5 Qd8 14. Qd3 Ne5 15.
Qc2 Nfg4 16. Bg5 Qb6 17. Qc3 Bxb5 18. cxb5 Rac8 19. Qb4 Nc6 {White resigns} 0-1

[Event "Team 45 45 League T37"]
[Site "Internet Chess Club"]
[Date "2008.05.26"]
[Round "5"]
[White "Archdruid"]
[Black "superbeast"]
[Result "0-1"]
[WhiteElo "1642"]
[BlackElo "1773"]
[Opening "Sicilian: Smith-Morra gambit"]
[ECO "B21"]
[Time "20:02:05"]
[TimeControl "2700+45"]

1. e4 c5 2. d4 cxd4 3. c3 dxc3 4. Nxc3 e6 5. Nf3 a6 6. Bc4 b5 7. Bb3 Bb7 8. Qe2
Ne7 9. O-O Ng6 10. Rd1 Be7 11. Be3 O-O 12. Rac1 Nc6 13. a3 Rc8 14. g3 Na5 15.
Ba2 Nc4 16. Bxc4 bxc4 17. h4 f5 18. h5 fxe4 19. Nd4 Qe8 20. hxg6 Qxg6 21. Kg2 d5
22. Rh1 e5 23. Nc2 d4 24. Nxd4 exd4 25. Nd1 dxe3 26. Nxe3 Bg5 27. Rc3 Qf7 28.
Rh5 h6 29. Kg1 Bxe3 30. Rxe3 Rcd8 31. Rh4 Rd1+ 32. Kg2 Qf3+ 33. Qxf3 exf3+ 34.
Kh2 Rf1 35. Rxc4 Rxf2+ 36. Kh3 Re2 37. Rb3 {White resigns} 0-1

[Event "Team 45 45 League T37"]
[Site "Internet Chess Club"]
[Date "2008.05.25"]
[Round "5"]
[White "PrincessChess"]
[Black "PandorasBox"]
[Result "0-1"]
[WhiteElo "1820"]
[BlackElo "2145"]
[Opening "French: exchange variation"]
[ECO "C01"]
[Time "17:01:47"]
[TimeControl "2700+45"]

1. e4 e6 2. d4 d5 3. exd5 exd5 4. Bd3 Nc6 5. c3 Bd6 6. Nf3 Bg4 7. h3 Bh5 8. Nbd2
Qd7 9. Qc2 Nge7 10. O-O O-O-O 11. b4 g5 12. b5 Na5 13. Qa4 b6 14. Ne5 Bxe5 15.
dxe5 g4 16. h4 Bg6 17. Be2 Bf5 18. g3 Ng6 19. Nb3 Nxe5 20. Nxa5 bxa5 21. Qxa5
Kb7 22. Qa6+ Ka8 23. Be3 c6 24. b6 Be4 25. Bd4 Rhe8 26. Bxe5 Rxe5 27. Qxa7+ Qxa7
28. bxa7 Bf5 29. Rfe1 Rde8 30. Kf1 Rxe2 31. Rxe2 Bd3 32. Re1 Kxa7 {White
resigns} 0-1

[Event "Team 45 45 League T37"]
[Site "Internet Chess Club"]
[Date "2008.05.24"]
[Round "5"]
[White "OrangeKing"]
[Black "Bill-W"]
[Result "0-1"]
[WhiteElo "1699"]
[BlackElo "1686"]
[Opening "Sicilian: accelerated fianchetto, modern variation"]
[ECO "B34"]
[Time "12:15:42"]
[TimeControl "2700+45"]

1. e4 c5 2. Nf3 g6 3. d4 cxd4 4. Nxd4 Nc6 5. Nc3 Bg7 6. Be3 Nf6 7. f3 O-O 8. Qd2
d5 9. Nxc6 bxc6 10. O-O-O e6 11. h4 Qa5 12. g4 dxe4 13. Nxe4 Qxa2 14. c3 Rb8 15.
b4 Qa1+ 16. Kc2 Qa2+ 17. Kc1 Qa1+ 18. Kc2 Qa4+ 19. Kc1 Nd5 20. Bd3 Qa3+ 21. Kb1
Nxb4 22. Bd4 Nxd3+ {White resigns} 0-1

[Event "Team 45 45 League T37"]
[Site "Internet Chess Club"]
[Date "2008.05.28"]
[Round "5"]
[White "jacknor"]
[Black "CSCARChaplain"]
[Result "1-0"]
[WhiteElo "1656"]
[BlackElo "902"]
[Opening "Réti: King's Indian attack (Barcza system)"]
[ECO "A07"]
[Time "19:04:14"]
[TimeControl "2700+45"]

1. Nf3 d5 2. g3 Nf6 3. Bg2 Nc6 4. O-O e5 5. d3 Bc5 6. Nbd2 O-O 7. e4 dxe4 8.
dxe4 Bg4 9. Qe1 Bxf3 10. Nxf3 Re8 11. c3 h6 12. Nd2 a6 13. Nc4 b5 14. Ne3 Bxe3
15. Bxe3 Ng4 16. Rd1 Qe7 17. Bd2 Rad8 18. h3 Nf6 19. g4 Nd7 20. b4 Nb6 21. Be3
Nc4 22. Bc5 Qf6 23. Qe2 Rxd1 24. Rxd1 Rd8 25. Rxd8+ Qxd8 26. Bf3 Qd2 27. Qxd2
Nxd2 28. Kg2 Nxf3 29. Kxf3 f6 30. Ke3 Kf7 31. Kd3 Kg6 32. Be3 h5 33. f3 Nb8 34.
Kc2 Nd7 35. h4 hxg4 36. fxg4 Kh7 37. Kd3 g6 38. g5 Kg7 39. gxf6+ Nxf6 40. Bg5
Ng4 41. Bd8 c6 42. Ke2 Kh6 43. Kf3 Kh5 44. Bg5 Nh2+ 45. Kg3 Ng4 46. Kg2 Ne3+ 47.
Bxe3 Kxh4 48. Kf3 g5 49. Kg2 Kg4 50. Bd2 Kh4 51. Kf3 g4+ 52. Kg2 g3 53. Bh6 Kg4
54. Bd2 Kh4 55. c4 bxc4 56. Bc3 Kg4 57. Bxe5 Kh4 58. Bxg3+ Kg4 59. Be5 {Black
resigns} 1-0

[Event "Team 45 45 League T37"]
[Site "Internet Chess Club"]
[Date "2008.05.25"]
[Round "5"]
[White "fledermaus"]
[Black "andreip"]
[Result "1-0"]
[WhiteElo "2056"]
[BlackElo "2056"]
[Opening "King's Indian: 6.Be2"]
[ECO "E91"]
[Time "14:06:16"]
[TimeControl "2700+45"]

1. d4 g6 2. c4 Bg7 3. Nf3 Nf6 4. Nc3 O-O 5. e4 d6 6. Be2 c5 7. O-O cxd4 8. Nxd4
Nc6 9. Be3 Bd7 10. Rc1 a6 11. b3 Rb8 12. f3 Qa5 13. Qd2 Nxd4 14. Bxd4 Rfc8 15.
Rc2 Bc6 16. Rfc1 Nd7 17. Nd5 Bxd4+ 18. Qxd4 Bxd5 19. cxd5 Rxc2 20. Rxc2 Qb6 21.
Qxb6 Nxb6 22. Kf2 Rc8 23. Rxc8+ Nxc8 24. Ke3 e5 25. dxe6 fxe6 26. e5 d5 27. Kd4
Kf7 28. f4 Ke7 29. a4 Kd7 30. g4 Ne7 31. Kc5 Kc7 32. a5 h6 33. Bd3 h5 34. gxh5
gxh5 35. h4 Kd7 36. b4 Kc7 37. Bc2 Kd7 38. Ba4+ Kc7 39. Be8 Nf5 40. Bxh5 Nxh4
41. Bg4 Ng6 42. Bxe6 Nxf4 43. Bf5 Ng2 44. Kxd5 Ne3+ 45. Ke6 Kc6 46. Bd3 b5 47.
Be4+ Kc7 48. Ke7 Nd1 49. Bd5 Nf2 50. e6 Nd3 51. Kf8 Nxb4 52. e7 Nxd5 53. e8=Q
Kd6 54. Qg6+ {Black resigns} 1-0

[Event "Team 45 45 League T37"]
[Site "Internet Chess Club"]
[Date "2008.05.22"]
[Round "5"]
[White "cityprosecutor"]
[Black "Wheels"]
[Result "1/2-1/2"]
[WhiteElo "1803"]
[BlackElo "1804"]
[Opening "Sicilian defense"]
[ECO "B20"]
[Time "20:03:36"]
[TimeControl "2700+45"]

1. e4 c5 2. d3 Nc6 3. g3 g6 4. Bg2 Bg7 5. Nf3 e6 6. Nbd2 Nge7 7. Nc4 d5 8. Ne3
dxe4 9. dxe4 Qxd1+ 10. Nxd1 O-O 11. c3 b6 12. O-O Ba6 13. Re1 Rad8 14. Ne3 Rd7
15. Bf1 Bxf1 16. Kxf1 Rfd8 17. Ke2 Nc8 18. Rd1 Nd6 19. Nd2 a6 20. Ndc4 Nxc4 21.
Rxd7 Rxd7 22. Nxc4 b5 23. Nd2 Ne5 24. f4 Nd3 25. e5 h6 26. Ne4 Nxc1+ 27. Rxc1 c4
28. Nc5 Ra7 29. Rd1 Bf8 30. Ne4 {Game drawn by mutual agreement} 1/2-1/2

[Event "Team 45 45 League T37"]
[Site "Internet Chess Club"]
[Date "2008.05.26"]
[Round "5"]
[White "cgrau"]
[Black "gugamircea"]
[Result "1-0"]
[WhiteElo "1751"]
[BlackElo "1609"]
[Opening "Queen's pawn, Mason variation"]
[ECO "D00"]
[Time "11:56:01"]
[TimeControl "2700+45"]

1. d4 d5 2. Bf4 Nf6 3. e3 c5 4. Nf3 Nc6 5. c3 e6 6. Bd3 Be7 7. h3 O-O 8. Nbd2
Bd7 9. O-O Qb6 10. Rb1 Rac8 11. Ne5 Nxe5 12. dxe5 Ne8 13. Nf3 Bb5 14. Re1 Bxd3
15. Qxd3 f6 16. e4 c4 17. Qe2 dxe4 18. Qxe4 Bc5 19. Qe2 f5 20. b4 cxb3 21. axb3
Nc7 22. b4 Be7 23. Be3 Qc6 24. c4 a6 25. Nd4 Qe4 26. Qb2 Rfd8 27. Rbd1 Qh4 28.
Qb3 Qh5 29. Rd3 g5 30. Red1 g4 31. Bf4 Kh8 32. c5 Rg8 33. Nxe6 gxh3 34. g3 Qg4
35. Kh2 Nxe6 36. Qxe6 Rce8 37. Qd5 Bg5 38. Bxg5 Qxg5 39. Qxb7 f4 40. Qe4 Rxe5
41. Qxf4 Qxf4 42. gxf4 Rf5 43. c6 Rxf4 44. c7 Rxf2+ 45. Kxh3 Rc2 46. Rd7 Rc6 47.
R1d4 Rc1 48. Rg4 {Black resigns} 1-0

[Event "Team 45 45 League T37"]
[Site "Internet Chess Club"]
[Date "2008.05.24"]
[Round "5"]
[White "Victorianum"]
[Black "Grenadier"]
[Result "1/2-1/2"]
[WhiteElo "1689"]
[BlackElo "1682"]
[Opening "Caro-Kann: classical variation"]
[ECO "B18"]
[Time "09:03:10"]
[TimeControl "2700+45"]

1. e4 c6 2. d4 d5 3. Nc3 dxe4 4. Nxe4 Bf5 5. Ng3 Bg6 6. Nf3 Nf6 7. Bd3 Bxd3 8.
Qxd3 e6 9. O-O Bd6 10. Bg5 Nbd7 11. Rfe1 Bxg3 12. hxg3 Qb6 13. Bf4 O-O 14. Bd6
Rfe8 15. Ne5 Rad8 16. Nc4 Qa6 17. Qb3 Nb6 18. Nxb6 Rxd6 19. Na4 Rxd4 20. Nc5 Qb6
21. Qxb6 axb6 22. Nb3 Rd6 23. Rad1 Red8 24. Rxd6 Rxd6 25. Kf1 Kf8 26. Ke2 Ne4
27. g4 Nc5 28. Nxc5 bxc5 29. Ke3 Ke7 30. f4 b5 31. g5 f6 32. gxf6+ Kxf6 33. Rh1
h6 34. b3 b4 35. Rc1 e5 36. fxe5+ Kxe5 37. c3 Kf5 38. cxb4 cxb4 39. Rc4 Re6+ 40.
Kf3 c5 41. Rxc5+ Re5 42. Rc4 Rb5 43. Rh4 Kf6 44. Rc4 Rf5+ 45. Kg3 Rb5 46. Kf3 h5
47. g4 h4 48. g5+ Kxg5 49. Rg4+ Kf6 50. Rxh4 Rf5+ 51. Kg3 Rb5 52. Rf4+ Kg6 53.
Rc4 Rg5+ 54. Kf3 Rb5 {Game drawn by mutual agreement} 1/2-1/2

[Event "Team 45 45 League T37"]
[Site "Internet Chess Club"]
[Date "2008.05.22"]
[Round "5"]
[White "ErycC"]
[Black "RingLord"]
[Result "1-0"]
[WhiteElo "1438"]
[BlackElo "1554"]
[Opening "Sicilian defense"]
[ECO "B44"]
[Time "17:32:03"]
[TimeControl "2700+45"]

1. e4 c5 2. Nf3 e6 3. d4 cxd4 4. Nxd4 Nc6 5. Be2 Nf6 6. Nc3 Be7 7. Be3 a6 8. O-O
O-O 9. f4 d5 10. exd5 Nxd5 11. Nxd5 Qxd5 12. Bf3 Qd7 13. Nxc6 bxc6 14. Qxd7 Bxd7
15. Rad1 Rad8 16. Bb6 c5 17. Bxd8 Rxd8 18. Rfe1 Bb5 19. Rxd8+ Bxd8 20. Be2 Bf6
21. Bxb5 axb5 22. Rd1 g6 23. b3 h6 24. a4 bxa4 25. bxa4 Bc3 26. Rd3 Ba5 27. Kf2
g5 28. Kf3 gxf4 29. Kxf4 Kg7 30. Rb3 Bc7+ 31. Ke4 f5+ 32. Kf3 Kf6 33. h3 e5 34.
Rb7 Bd8 35. Rb8 e4+ 36. Ke2 Ke7 37. Ra8 Kd7 38. Ra7+ Bc7 39. Ra8 Bd8 40. Ra6 h5
41. Rh6 h4 42. a5 Bxa5 43. Rxh4 Kd6 44. Rh6+ Ke5 45. Ra6 Bc3 46. Ra3 Bb4 47. Ra1
f4 48. Rf1 Bc3 49. h4 Kf5 50. h5 Bg7 51. Rd1 Kg4 52. Rd7 Bh6 53. Rd5 f3+ 54.
gxf3+ exf3+ 55. Kf2 Bf4 56. Rxc5 Bb8 57. Rb5 Ba7+ 58. Kf1 Be3 59. c4 Bg5 60. c5
Kxh5 61. c6 Kg6 62. Rxg5+ {Black resigns} 1-0

[Event "Team 45 45 League T37"]
[Site "Internet Chess Club"]
[Date "2008.05.22"]
[Round "5"]
[White "civilization"]
[Black "guyd52"]
[Result "1/2-1/2"]
[WhiteElo "1542"]
[BlackElo "1278"]
[Opening "Robatsch defense: Pseudo-Austrian attack"]
[ECO "B06"]
[Time "17:04:53"]
[TimeControl "2700+45"]

1. e4 g6 2. d4 d6 3. Nc3 Bg7 4. f4 Nf6 5. h3 O-O 6. Nf3 Nbd7 7. Bd2 b6 8. Bd3
Bb7 9. Qe2 a6 10. g4 Re8 11. e5 Nd5 12. O-O-O c5 13. Be4 cxd4 14. Nxd5 dxe5 15.
f5 Nc5 16. fxg6 hxg6 17. Nxe7+ Qxe7 18. Bxb7 Qxb7 19. h4 Ne4 20. Rh3 Nxd2 21.
Rxd2 Bh6 22. g5 Bg7 23. h5 gxh5 24. Rxh5 Qc6 25. Rd1 b5 26. Rdh1 Rac8 27. Qh2
Kf8 28. Rh8+ Bxh8 29. Qxh8+ Ke7 30. Qxe5+ Kd7 31. Qxd4+ Qd6 32. Qg4+ Kc7 33. Rd1
Qe7 {Game drawn by mutual agreement} 1/2-1/2

[Event "Team 45 45 League T37"]
[Site "Internet Chess Club"]
[Date "2008.05.26"]
[Round "5"]
[White "WilmaP"]
[Black "kublai"]
[Result "0-1"]
[WhiteElo "1122"]
[BlackElo "1393"]
[Opening "Pirc: classical, h3 system"]
[ECO "B08"]
[Time "15:00:56"]
[TimeControl "2700+45"]

1. e4 d6 2. d4 Nf6 3. Nc3 g6 4. Nf3 Bg7 5. h3 O-O 6. b3 c6 7. Bc4 b5 8. Be2 b4
9. e5 bxc3 10. exf6 Bxf6 11. O-O Ba6 12. Bxa6 Nxa6 13. Qd3 Qa5 14. Bh6 Bg7 15.
Bg5 e5 16. Rfe1 exd4 17. Nxd4 Bxd4 18. Qxd4 Qxg5 19. Qxc3 c5 20. Rad1 Rfe8 21.
Rxd6 Rxe1+ 22. Qxe1 Nb4 23. Qe4 Rd8 24. Rxd8+ Qxd8 25. a3 Qd1+ 26. Kh2 Nxc2 27.
Qa8+ Kg7 28. Qxa7 Qd6+ 29. g3 Qd5 30. h4 Ne1 31. Kh3 h5 32. f3 Qxf3 33. Qb7 Qxb7
{White resigns} 0-1